 Dungeon Crawl Stone Soup version 0.29.1 (webtiles) character file.

Game seed: 3205922950258772191

55 greasedhog the Grappler (level 3, 0/28 HPs)
             Began as a Gnoll Wanderer on Sept 13, 2022.
             Shot with a sling bullet by a goblin (3 damage)
             ... on level 2 of the Dungeon.
             The game lasted 00:01:27 (1254 turns).

greasedhog the Grappler (Gnoll Wanderer)            Turns: 1254, Time: 00:01:29

Health: 0/28       AC:  4    Str: 14    XL:     3   Next: 93%
Magic:  7/7        EV: 11    Int: 10    God:
Gold:   74         SH:  0    Dex: 11    Spells: 6/7 levels left

rFire   . . .      SeeInvis .     - Unarmed
rCold   . . .      Faith    .   (no shield)
rNeg    . . .      Spirit   .   e - +0 leather armour
rPois   .          Reflect  .   (no helmet)
rElec   .          Harm     .   i - +0 cloak
rCorr   .          Rampage  .   (no gloves)
Will    .....                   (no boots)
Stlth   ++........              (no amulet)
HPRegen 0.09/turn               (no ring)
MPRegen 0.10/turn               (no ring)

@: no status effects
A: fangs 1, strong nose, distributed training
a: no special abilities


You were on level 2 of the Dungeon.
You visited 1 branch of the dungeon, and saw 2 of its levels.

You collected 74 gold pieces.

Inventory:

Armour
 e - a +0 leather armour (worn)
 i - a +0 cloak (worn)
Wands
 c - a wand of polymorph (5)
Scrolls
 b - a scroll of blinking
 d - a scroll of teleportation
 f - a scroll of summoning
 g - a scroll of vulnerability {unknown}
 h - a scroll of fear {unknown}
Potions
 a - 2 potions of degeneration {unknown}


   Skills:
 + Level 2.7 Fighting
 + Level 1.0 Short Blades
 + Level 1.0 Long Blades
 + Level 1.0 Axes
 + Level 1.0 Maces & Flails
 + Level 1.0 Polearms
 + Level 1.0 Staves
 + Level 1.0 Ranged Weapons
 + Level 1.0 Throwing
 + Level 1.0 Armour
 + Level 1.0 Dodging
 + Level 2.5 Stealth
 + Level 1.0 Shields
 + Level 8.5 Unarmed Combat
 + Level 2.9 Spellcasting
 + Level 0.7 Conjurations
 + Level 2.2 Hexes
 + Level 0.7 Summonings
 + Level 0.7 Necromancy
 + Level 0.7 Translocations
 + Level 0.7 Transmutations
 + Level 0.7 Fire Magic
 + Level 0.7 Ice Magic
 + Level 0.7 Air Magic
 + Level 0.7 Earth Magic
 + Level 0.7 Poison Magic
 + Level 2.7 Invocations
 + Level 2.7 Evocations


You had 6 spell levels left.
You knew the following spells:

 Your Spells              Type           Power      Damage    Failure   Level
a - Slow                  Hex            20%        N/A       14%         1

Your spell library contained the following spells:

 Spells                   Type           Power      Damage    Failure   Level
 Tukima's Dance           Hex            5%         N/A       38%         3


Dungeon Overview and Level Annotations

Branches:
Dungeon (2/15)

Altars:

Shops:
D:1 [


Innate Abilities, Weirdness & Mutations

You have very sharp teeth.
Your uncanny sense of smell can sniff out nearby items.
Your experience applies equally to all skills.


Message History

The goblin closely misses you. The goblin barely misses you.
The goblin misses you. The goblin hits you but does no damage.
The goblin attacks as you move away! The goblin closely misses you.
The goblin barely misses you. The goblin misses you.
Your giant cockroach completely misses the goblin.
Your kobold hits the goblin with a +0 club.
You closely miss the goblin. You punch the goblin.
You kill the goblin!
Your giant cockroach bites the goblin.
The goblin hits you with a +0 dagger.
* * * LOW HITPOINT WARNING * * *
The goblin hits your kobold with a +0 club.
Your giant cockroach barely misses the goblin.
The goblin attacks as you move away! The goblin barely misses you.
Your kobold closely misses the goblin.
The goblin unwields a +0 dagger.
The goblin wields a +0 sling.
The goblin shoots a sling bullet.
The sling bullet barely misses your giant cockroach.
The sling bullet closely misses you.
Your giant cockroach completely misses the goblin.
Your giant cockroach bites the goblin.
The goblin dies!
The goblin hits your giant cockroach but does no damage.
The goblin unwields a +0 dagger.
The goblin wields a +0 sling.
The goblin shoots a sling bullet.
The sling bullet closely misses your giant cockroach.
The sling bullet closely misses you.
Your kobold barely misses the hobgoblin.
Your giant cockroach closely misses the goblin.
The goblin shoots a sling bullet.
The sling bullet misses your giant cockroach.
The sling bullet hits you.
* * * LOW HITPOINT WARNING * * *
Your giant cockroach bites the goblin.
The goblin dies!
Your giant cockroach bites the goblin.
Your kobold completely misses the goblin.
Your giant cockroach misses the hobgoblin.
The goblin shoots a sling bullet.
The sling bullet closely misses your giant cockroach.
The sling bullet hits you.
You die...

#...# #.†.####### ##########
#.........# .##.......#
##...#####.# ####. #.......#
...).....#.##.#.. ##>......#
..)<.†(......# .###........#
...†........###.##.........#
##...........#.##..........#
#...#.##......)@..........#
#...#.####.#)###.....######
#...#.# #.#.##.......#
##.##.. ..#.##.BgBK..#
...... .###.##8g))g.8#
##..####. #.##.......# #
#.##8.....8# #..#.......#
#8.....8#


You could see a hobgoblin (ally target), 2 goblins, 2 friendly giant cockroaches
and a friendly kobold (summoned).

Vanquished Creatures
  2 adders (D:2)
  3 endoplasms (D:1)
  3 giant cockroaches (D:1)
  6 goblins
  2 hobgoblins (D:1)
  A quokka (D:1)
  A ball python (D:1)
  3 bats (D:1)
  3 frilled lizards
  4 kobolds
  8 rats
36 creatures vanquished.

Vanquished Creatures (collateral kills)
  2 goblins (D:2)
2 creatures vanquished.

Grand Total: 38 creatures vanquished

Notes
Turn   | Place    | Note
-------+----------+-------------------------------------------
     0 | D:1      | greasedhog the Gnoll Wanderer began the quest for the Orb.
     0 | D:1      | greasedhog set off with the following items: a +0 club, a
                  | scroll of blinking, a wand of polymorph (5), a scroll of
                  | teleportation, a +0 leather armour, a scroll of summoning;
                  | and the following spell memorised: Slow; and the following
                  | spells available to memorise: Tukima's Dance.
     0 | D:1      | Reached XP level 1. HP: 17/17 MP: 4/4
    20 | D:1      | Found Duzod's Antique Armour Shop.
   381 | D:1      | Reached XP level 2. HP: 21/23 MP: 3/5
   889 | D:1      | Reached XP level 3. HP: 28/28 MP: 7/7
  1182 | D:2      | Reached skill level 1 in Short Blades
  1182 | D:2      | Reached skill level 1 in Long Blades
  1182 | D:2      | Reached skill level 1 in Axes
  1182 | D:2      | Reached skill level 1 in Maces & Flails
  1182 | D:2      | Reached skill level 1 in Polearms
  1182 | D:2      | Reached skill level 1 in Staves
  1182 | D:2      | Reached skill level 1 in Ranged Weapons
  1182 | D:2      | Reached skill level 1 in Throwing
  1182 | D:2      | Reached skill level 1 in Armour
  1182 | D:2      | Reached skill level 1 in Dodging
  1182 | D:2      | Reached skill level 1 in Shields
  1254 | D:2      | Shot with a sling bullet by a goblin

Illustrated notes

Levels and vault maps discovered:
D:1:      dreamdust_arrival_beginning_and_end, layout_basic, serial_shops, shop
D:2:      kennysheep_the_goblin_king, layout_loops_cross, minmay_box_of_dots

Skill      XL: |  1  2  3 |
---------------+----------+-----
Hexes          | 2 |  2.2
Short Blades   | 1 |  1.0
Long Blades    | 1 |  1.0
Axes           | 1 |  1.0
Maces & Flails | 1 |  1.0
Polearms       | 1 |  1.0
Staves         | 1 |  1.0
Ranged Weapons | 1 |  1.0
Throwing       | 1 |  1.0
Armour         | 1 |  1.0
Dodging        | 1 |  1.0
Shields        | 1 |  1.0
Fighting       | |  2.7
Stealth        | |  2.5
Unarmed Combat | |  8.5
Spellcasting   | |  2.9
Conjurations   | |  0.7
Summonings     | |  0.7
Necromancy     | |  0.7
Translocations | |  0.7
Transmutations | |  0.7
Fire Magic     | |  0.7
Ice Magic      | |  0.7
Air Magic      | |  0.7
Earth Magic    | |  0.7
Poison Magic   | |  0.7
Invocations    | |  2.7
Evocations     | |  2.7

Action                   || total
-------------------------++-------
Melee: Club              ||    14
       Unarmed           ||    86
       Bite              ||     7
       Punch             ||     1
 Cast: Slow              ||    12
  Use: Scroll            ||     1
 Stab: Distracted        ||     1
Armor: Leather armour    ||    29
Dodge: Dodged            ||    70
